 Dungeon Crawl Stone Soup version 0.26-b1-32-g5d43845318 (webtiles) character file.

Game seed: 15782527773623793598

2475 Borgoz the Basher (level 9, -4/57 HPs)
             Began as a Gargoyle Gladiator on Jan 10, 2021.
             Was a Follower of Dithmenos.
             Slain by an orc warrior
             ... wielding a +0 halberd
              (7 damage)
             ... in a bailey.
             The game lasted 00:12:41 (9702 turns).

Borgoz the Basher (Gargoyle Gladiator)              Turns: 9702, Time: 00:12:41

Health: -4/57      AC: 27    Str: 18    XL:     9   Next: 51%
Magic:  9/9        EV: 13    Int:  9    God:    Dithmenos [*.....]
Gold:   491        SH:  0    Dex: 14    Spells: 8/8 levels left

rFire    + . .     SeeInvis .   i - +2 flail (protect)
rCold    + . .     Faith    .   (no shield)
rNeg     + . .     Spirit   .   m - +1 ring mail {rF+}
rPois    ∞         Reflect  .   c - +0 helmet
rElec    +         Harm     .   (no cloak)
rCorr    .         Rampage  .   e - +1 pair of gloves
Will     .....                  q - +2 pair of boots {Fly}
Stlth    +.........             (no amulet)
HPRegen  0.19/turn              h - ring of protection from cold
MPRegen  0.11/turn              (no ring)

@: mighty, protection aura, flying, wreathed by umbra, studying Fighting
A: negative energy resistance 1, electricity resistance, unbreathing,
petrification resistance, miasma immunity, AC +6
a: Stop Flying, Renounce Religion


You were in a bailey.
You worshipped Dithmenos.
Dithmenos was aware of your devotion.
You visited 2 branches of the dungeon, and saw 9 of its levels.
You also visited: Bailey.

You collected 491 gold pieces.

Inventory:

Hand Weapons
 i - a +2 flail of protection (weapon)
Missiles
 a - 2 throwing nets (quivered)
Armour
 c - a +0 helmet (worn)
 e - a +1 pair of gloves (worn)
 l - +2 ice dragon scales
 m - a +1 ring mail of fire resistance (worn)
 q - a +2 pair of boots of flying (worn)
Jewellery
 h - a ring of protection from cold (left hand)
Scrolls
 f - a scroll of identify
 g - a scroll of enchant armour
 j - 2 scrolls of remove curse
 k - 2 scrolls of amnesia
 n - 3 scrolls of teleportation
Potions
 b - 2 potions of might
 d - 2 potions of mutation
 o - 2 potions of curing
 r - 2 potions of brilliance
Books
 p - a manual of Fighting


   Skills:
 + Level 7.5 Fighting
 * Level 8.5 Maces & Flails
 - Level 1.7 Throwing
 + Level 6.0 Armour
 + Level 5.2 Dodging


You had 8 spell levels left.
You didn't know any spells.
Your spell library contained the following spells:

 Spells                   Type           Power        Failure   Level
 Animate Skeleton         Necr           0%           56%         1
 Apportation              Tloc           0%           56%         1
 Corona                   Hex            0%           56%         1
 Shock                    Conj/Air       0%           56%         1
 Summon Small Mammal      Summ           0%           56%         1
 Swiftness                Air            0%           71%         2
 Static Discharge         Conj/Air       0%           90%         3
 Airstrike                Air            0%           100%        4
 Lightning Bolt           Conj/Air       0%           100%        5


Dungeon Overview and Level Annotations

Branches:
Dungeon (8/15)             Temple (1/1) D:7          Bailey (1/1)
   Lair: D:8-11

Altars:
Ashenzari
Cheibriados
Dithmenos
Elyvilon
Gozag
Hepliaklqana
Kikubaaqudgha
Makhleb
Nemelex Xobeh
Okawaru
Qazlal
Ru
Sif Muna
Trog
Uskayaw
Vehumet
Xom
Yredelemnul
Zin


Innate Abilities, Weirdness & Mutations

You are resistant to torment.
Your stone body is resilient. (AC +6)
You are immune to poison.
You resist negative energy. (rN+)
You are resistant to electric shocks. (rElec)
You can survive without breathing.
You are immune to petrification.
You are immune to miasma.


Message History

The orc warrior shouts! x2
There is an open door here.
You feel very mighty all of a sudden.
The orc warrior hits you but does no damage.
The orc warrior closely misses you.
The orc knight hits you with a +0 glaive!
The orc warrior hits you with a +0 spear!!
The orc warrior hits you from afar with a +0 trident.
You hit the orc knight.
Your weapon exudes an aura of protection.
The orc knight is lightly wounded.
The orc warrior misses you. The orc knight completely misses you.
The orc warrior barely misses you.
The orc warrior hits you from afar with a +0 trident!!
* * * LOW HITPOINT WARNING * * *
You are too injured to fight recklessly!
You are too injured to fight recklessly!
You are too injured to fight recklessly!
The orc warrior hits you from afar with a +0 halberd!
You die...

.≈.#########'###'#############.≈.
.≈.## ##[........#+ ##.≈. .≈..##
##..≈≈≈≈≈§≈..## ##.o≈. .≈≈).##
##..≈§.....≈≈..# ##.o≈≈. ∩.≈≈..#
#..§§..⌠∩⌠..§§.. #..≈≈.#
#.≈≈..#+#..≈≈...⌠...§§.. #..≈≈.∩
.≈≈..##.##..§§§oooo≈§§§# ##..≈≈.
.≈).##...'#..§≈§≈≈≈≈..# ##..≈.
.≈)##.....##.§..@....## $$.##.≈.
.≈)#############'##### #####.≈.
.≈..)..)....##.)...# #####..≈.
.≈≈≈≈≈≈≈≈≈≈..##.)[#######≈≈≈≈≈≈≈.
..........≈≈..##.##...##.........
#########..≈≈.)###.)≈..##.#######
##..≈≈...))≈≈...##...####
##..≈≈≈≈≈≈≈..#######..∩#
##.........## ####∩


You could see an orc knight and 3 orc warriors.

Vanquished Creatures
  Edmund (D:5)
  An orc warrior (Bailey)
  A black bear (D:7)
  2 sky beasts
  A phantom (D:4)
  3 ogres
  4 centaurs
  A bullfrog (D:7)
  2 scorpions
  2 electric eels (D:7)
  2 howler monkeys (D:7)
  A quasit (D:7)
  2 hounds
  7 orc wizards
  2 jellies (D:7)
  An iguana (D:5)
  2 orc priests (D:4)
  3 worker ants
  Natasha (thrice) (D:3)
  A hound skeleton (D:6)
  A howler monkey zombie (D:7)
  A worker ant zombie (D:5)
  4 gnolls (D:5)
  13 adders
  A shadow imp (D:7)
  3 white imps
  2 ufetubi
  3 oozes
  2 adder skeletons
  6 worms
  The ghost of zkyp the Sneak, a weakling MfDe (D:5)
  5 dart slugs
  7 leopard geckos
  41 orcs
  8 giant cockroaches
  9 goblins
  8 hobgoblins
  8 jackals
  3 quokkas
  3 ball pythons
  8 bats
  6 frilled lizards
  2 gnoll zombies (D:7)
  13 kobolds
  A quokka skeleton (D:3)
  5 rats
206 creatures vanquished.

Vanquished Creatures (others)
  An orc wizard (D:7)
  An orc (D:7)
  A plant (D:1)
3 creatures vanquished.

Grand Total: 209 creatures vanquished

Notes
Turn   | Place    | Note
-------+----------+-------------------------------------------
     0 | D:1      | Borgoz the Gargoyle Gladiator began the quest for the Orb.
     0 | D:1      | Reached XP level 1. HP: 12/12 MP: 1/1
   349 | D:1      | Reached XP level 2. HP: 18/18 MP: 2/2
   590 | D:1      | Reached skill level 1 in Armour
   596 | D:1      | Reached XP level 3. HP: 19/22 MP: 3/3
  1618 | D:2      | Reached XP level 4. HP: 15/27 MP: 4/4
  2109 | D:2      | Reached skill level 4 in Maces & Flails
  2170 | D:2      | Reached XP level 5. HP: 12/32 MP: 5/5
  2511 | D:2      | Found a stormy altar of Qazlal.
  2602 | D:2      | Found a bloodstained altar of Trog.
  2631 | D:2      | Found a shimmering blue altar of Sif Muna.
  2874 | D:3      | Noticed Natasha
  2880 | D:3      | Killed Natasha
  3034 | D:3      | Noticed Natasha
  3040 | D:3      | Killed Natasha
  3313 | D:3      | Noticed Natasha
  3326 | D:3      | Killed Natasha
  3327 | D:3      | Reached XP level 6. HP: 30/37 MP: 6/6
  3689 | D:4      | Reached skill level 5 in Maces & Flails
  3996 | D:4      | Noticed a phantom
  4029 | D:4      | Killed a phantom
  4172 | D:4      | Reached XP level 7. HP: 34/43 MP: 7/7
  4412 | D:4      | Got a warped amethyst amulet
  4722 | D:5      | Entered Level 5 of the Dungeon
  5064 | D:5      | Found a runed translucent door.
  5067 | D:5      | Noticed zkyp's ghost (weakling MfDe)
  5085 | D:5      | Noticed Edmund
  5117 | D:5      | HP: 1/44 [Edmund/+2 flail of protection (2)]
  5121 | D:5      | Killed Edmund
  5122 | D:5      | Reached skill level 6 in Maces & Flails
  5145 | D:5      | Identified the amulet of Yjen {Inacc rN+} (You found it on
                  | level 4 of the Dungeon)
  5443 | D:5      | Reached XP level 8. HP: 39/48 MP: 8/8
  5677 | D:5      | Found a runed translucent door.
  5874 | D:5      | Found the +8 frozen axe "Frostbite" {freezing cloud, *Noise
                  | +Fly rC+}
  6276 | D:5      | Killed zkyp's ghost
  6285 | D:5      | Reached skill level 5 in Fighting
  6525 | D:6      | Reached skill level 7 in Maces & Flails
  7691 | D:7      | Reached skill level 5 in Armour
  7696 | D:7      | Found a shimmering altar of Xom.
  7716 | D:7      | Reached XP level 9. HP: 50/55 MP: 9/9
  7835 | D:7      | Found a staircase to the Ecumenical Temple.
  7896 | Temple   | Entered the Ecumenical Temple
  8100 | Temple   | Became a worshipper of Dithmenos the Shadowed
  8178 | D:7      | Reached skill level 8 in Maces & Flails
  8199 | D:7      | Found a sacrificial altar of Ru.
  8280 | D:7      | Reached skill level 5 in Dodging
  8610 | D:7      | Found a basalt altar of Yredelemnul.
  9034 | D:8      | Found a flagged portal.
  9060 | Bailey   | Entered a bailey
  9179 | Bailey   | Reached * piety under Dithmenos
  9250 | Bailey   | Noticed an orc knight
  9702 | Bailey   | Slain by an orc warrior

Illustrated notes

Levels and vault maps discovered:
D:1:      sevenhm_arrival_forest_fort_large_2, layout_basic, serial_forest,
          infiniplex_forest_straight_1, infiniplex_forest_end_2,
          infiniplex_forest_end_2, infiniplex_forest_lined_room_2,
          infiniplex_forest_straight_2, infiniplex_forest_straight_2,
          infiniplex_forest_clump_cross, infiniplex_forest_clump_large,
          infiniplex_forest_clump_large, infiniplex_forest_3_way,
          minmay_misc_feat_rugged, serial_bayou_crossing
D:2:      layout_rooms, lemuel_crystal_altar, led_sif_pool,
          nicolae_qazlal_eye_of_the_storm
D:3:      layout_basic, uniq_natasha
D:4:      layout_rooms, small_statue_alley_b
D:5:      layout_basic, ebering_ghost_sewer_f, uniq_edmund
D:6:      layout_basic, minmay_manual_maat
D:7:      layout_cave_pods, nicolae_ru_the_path_less_chosen,
          lemuel_zombie_altar_yredelemnul, minmay_temple_entry_waves,
          nrook_mini_backslash, minivault_14, grunt_ministairs_9,
          brannock_xom_greatest_gift
D:8:      layout_gridville, fedhas_altar_2, enter_bailey_4, uniq_psyche
Temple:   regret_index_temple_generic_petals
Bailey:   bailey_polearm_1, bailey

Skill      XL: |  1  2  3  4  5  6  7  8  9 |
---------------+----------------------------+-----
Armour         | 1 2 3 4 5 6 |  6.0
Fighting       | 3 4 6 7 |  7.5
Maces & Flails | 4 5 6 7 8 |  8.5
Dodging        | 3 4 5 |  5.2
Throwing       | |  1.7

Action                   |  1- 3 |  4- 6 |  7- 9 || total
-------------------------+-------+-------+-------++-------
Melee: Flail             |   140 |   236 |   493 ||   869
Throw: Throwing net      |       |     3 |     3 ||     6
  Use: Potion            |       |       |     4 ||     4
       Scroll            |       |       |    11 ||    11
 Stab: Sleeping          |     1 |       |       ||     1
       Held in net/web   |       |     3 |     1 ||     4
Armor: Leather armour    |    98 |   115 |    51 ||   264
       Scale mail        |       |       |   231 ||   231
       Ring mail         |       |       |    58 ||    58
Dodge: Dodged            |   142 |   203 |   485 ||   830
